 Dungeon Crawl Stone Soup version 0.24-a0-164-g56e1b8f (webtiles) character file.

Game seed: 15357592298804142465

108 Lanoc the Cudgeler (level 4, 0/45 HPs)
             Began as a Troll Chaos Knight on Mar 7, 2019.
             Was a Plaything of Xom.
             Killed by divine providence
             ... invoked by an orc priest
              (10 damage)
             ... on level 4 of the Dungeon.
             The game lasted 00:01:52 (1287 turns).

Lanoc the Cudgeler (Troll Chaos Knight)             Turns: 1287, Time: 00:01:52

Health: 0/45       AC:  9    Str: 20    XL:     4   Next: 58%
Magic:  3/3        EV: 10    Int:  8    God:    Xom [*.....]
Gold:   117        SH:  0    Dex: 10    Spells: 3/3 levels left

rFire    . . .     SeeInvis .   a - +0 mace (chaos)
rCold    . . .     Gourm    +   (no shield)
rNeg     . . .     Faith    .   b - +2 robe
rPois    .         Spirit   .   (helmet restricted)
rElec    .         Reflect  .   k - +0 cloak
rCorr    .         Harm     .   (gloves unavailable)
MR       .....                  (boots unavailable)
Stlth    +.........             (no amulet)
HPRegen  0.55/turn              (no ring)
MPRegen  0.08/turn              (no ring)

@: no status effects
A: large, unfitting armour, claws 3, fast metabolism 3, gourmand, regeneration
1, shaggy fur 1, tough skin 3
a: Renounce Religion


You were on level 4 of the Dungeon.
You worshipped Xom.
You were a special plaything of Xom.
You were very hungry.

You visited 1 branch of the dungeon, and saw 4 of its levels.

You collected 117 gold pieces.

Inventory:

Hand Weapons
 a - a +0 mace of chaos (weapon)
Armour
 b - a +2 robe (worn)
 k - a +0 cloak (worn)
Wands
 f - a wand of flame (4)
 l - a wand of random effects (18)
Scrolls
 d - a scroll of enchant weapon {unknown}
 e - 3 scrolls of teleportation {unknown}
 g - a scroll of enchant armour {unknown}
 j - a scroll of noise {unknown}
 m - a scroll of remove curse {unknown}
Potions
 h - a potion of degeneration {unknown}
 i - a potion of berserk rage {unknown}
Comestibles
 c - 3 rations


   Skills:
 + Level 3.0 Fighting
 * Level 3.9 Maces & Flails
 + Level 2.6 Dodging


You had 3 spell levels left.
You didn't know any spells.
Your spell library was empty.

Dungeon Overview and Level Annotations

Branches:
Dungeon (4/15)
 Temple: D:4-7

Altars:
Ashenzari
Dithmenos
Okawaru
The Shining One

Annotations:
Abyss:1 Natasha


Innate Abilities, Weirdness & Mutations

You are too large for most types of armour.
You have claws for hands.
Your metabolism is lightning-fast.
You like to eat raw meat.
Your natural rate of healing is unusually fast.
You are covered in fur. (AC +1)
You have extremely tough skin. (AC +3)


Message History

The orc priest is lightly wounded.
The orc priest hits you. The orc hits you with a +0 flail!
The orc priest calls down the wrath of Beogh upon you.
Pain shoots through your body!
* * * LOW HITPOINT WARNING * * *
Unknown command.
You sock the orc priest!
The orc priest is severely wounded.
The orc barely misses you. The orc priest completely misses you.
You hit the orc priest. You freeze the orc priest.
The orc priest is almost dead.
The orc priest mumbles some strange prayers to Beogh against you.
You barely resist. The orc hits you with a +0 flail.
* * * LOW HITPOINT WARNING * * *
You hear a splash.
You closely miss the orc priest.
The orc priest is almost dead.
The orc priest invokes the aid of Beogh against you.
Beogh smites you!
You die...

#... #...# #...#
#...# . #. #...#
##..
#..#####...##>..
#....o........#
#.o@....(.##
###........##.
#....?<.......
)$....#.........
#..###.##........
## #..##.......
... #...... .##
...... #.....


You could see an orc priest and an orc.

Vanquished Creatures
  5 adders
  4 dart slugs
  A leopard gecko (D:3)
  A ball python (D:3)
  2 giant cockroaches (D:2)
  3 hobgoblins (D:2)
  3 jackals (D:2)
  3 bats
  2 frilled lizards
  5 goblins
  A quokka skeleton (D:2)
  5 rats
35 creatures vanquished.

Vanquished Creatures (others)
  An ogre (D:4)
  A worker ant (D:4)
  An iguana (D:4)
  An orc (D:4)
  A quokka (D:4)
5 creatures vanquished.

Grand Total: 40 creatures vanquished

Notes
Turn   | Place    | Note
-------+----------+-------------------------------------------
     0 | D:1      | Lanoc the Troll Chaos Knight began the quest for the Orb.
     0 | D:1      | Reached XP level 1. HP: 22/22 MP: 0/0
   116 | D:1      | XOM: harmless Tmut miscast
   121 | D:2      | Noticed Natasha
   128 | D:2      | Banished Natasha
   128 | D:2      | Reached XP level 2. HP: 9/29 MP: 1/1
   128 | D:2      | Reached XP level 3. HP: 11/36 MP: 2/2
   207 | D:2      | Found a glowing golden altar of the Shining One.
   508 | D:2      | Found an iron altar of Okawaru.
   540 | D:3      | Reached XP level 4. HP: 44/44 MP: 3/3
   946 | D:3      | XOM: divination: magic mapping
   997 | D:3      | Found a shadowy altar of Dithmenos.
  1024 | D:3      | Found a shattered altar of Ashenzari.
  1280 | D:4      | XOM: potion effect (curing)
  1286 | D:4      | Killed an ogre
  1287 | D:4      | Killed from afar by an orc priest

Levels and vault maps discovered:
D:1:      wander_arrival_estate, layout_loops_corners, nrook_loot_triangle,
          st_stairs_4, minmay_misc_feat_rows, minmay_misc_feat_four_crosses,
          minmay_pentomino_t2
D:2:      layout_loops_corners, nicolae_overflow_hidden_temple, first_ration,
          okawaru_trees_2, uniq_natasha, uniq_sigmund
D:3:      layout_basic, grunt_dithmenos_smoke, overflow_temple_1_default
D:4:      layout_layer_cave, zin_statuary, minmay_temple_entry_overgrown,
          xom_confusion_cloud, uniq_menkaure

Skill      XL: |  1  2  3  4 |
---------------+-------------+-----
Dodging        | 2 |  2.6
Maces & Flails | 3 |  3.9
Fighting       | 3 |  3.0

Action                   |  1- 3 |  4- 6 || total
-------------------------+-------+-------++-------
Melee: Mace              |    59 |    43 ||   102
 Stab: Sleeping          |     1 |       ||     1
       Paralysed         |     1 |       ||     1
  Eat: Chunk             |     6 |     2 ||     8
Armor: Robe              |    32 |    25 ||    57
Dodge: Dodged            |    29 |    22 ||    51

Table legend:
 A = Non-vault XP
 B = Vault XP
 C = Vault XP percentage of total XP
 D = Non-vault monster count
 E = Vault monster count
 F = Vault count percentage of total count
                 A         B        C        D         E       F
            +---------+---------+-------+---------+---------+-------
      Total |     123 |      32 |  20.6 |      35 |       1 |   2.8
            +---------+---------+-------+---------+---------+-------
        D:1 |       9 |       0 |   0.0 |       6 |       0 |   0.0
        D:2 |      54 |      32 |  37.2 |      16 |       1 |   5.9
        D:3 |      59 |       0 |   0.0 |      12 |       0 |   0.0
        D:4 |       1 |       0 |   0.0 |       1 |       0 |   0.0
            +---------+---------+-------+---------+---------+-------
